 Dungeon Crawl Stone Soup version 0.30.0-29-ga12c61a403 (webtiles) character file.

Game seed: 79922438369447125

10203 bmack86 the Severer (level 11, -9/92 HPs)
             Began as a Minotaur Fighter on June 8, 2023.
             Was a High Priest of Okawaru.
             Killed from afar by a deep elf pyromancer (47 damage)
             ... with a bolt of fire
             ... on level 12 of the Dungeon.
             The game lasted 00:30:46 (10174 turns).

bmack86 the Severer (Minotaur Fighter)             Turns: 10174, Time: 00:30:48

Health: -9/92      AC: 25    Str: 30    XL:     11   Next: 33%
Magic:  14/16      EV: 13    Int:  5    God:    Okawaru [*****.]
Gold:   657        SH:  6    Dex: 17    Spells: 10/10 levels left

rFire   . . .        K - +4 war axe (protect)
rCold   . . .        c - +0 buckler
rNeg    . . .        w - +5 scale mail of a ziggurat {rElec}
rPois   .            m - +2 hat
rElec   +            u - +0 cloak
rCorr   .            (no gloves)
SInv    .            B - +0 pair of boots
Will    .....        (no amulet)
Stlth   ++           h - +6 ring of strength
HPRegen 0.35/turn    s - +6 ring of dexterity
MPRegen 0.15/turn

%: no passive effects
@: heroic, under a protective aura
A: horns 2, retaliatory headbutt
a: Renounce Religion, Heroism, Finesse, Duel


You were on level 12 of the Dungeon.
You worshipped Okawaru.
Okawaru was extremely pleased with you.
You visited 2 branches of the dungeon, and saw 13 of its levels.
You also visited: Sewer.

You collected 774 gold pieces.
You spent 117 gold pieces at shops.

Inventory:

Hand Weapons
 a - a +1 war axe of draining
 K - a +4 war axe of protection (weapon)
Missiles
 n - 6 javelins
 A - 10 silver javelins
 D - 7 boomerangs
Armour
 c - a +0 buckler (worn)
 k - a +0 plate armour
 m - a +2 hat (worn)
 r - a scarf of shadows
 u - a +0 cloak (worn)
 w - the +5 scale mail of a ziggurat (worn) {rElec}
   (You found it on level 4 of the Dungeon)

   rElec:     It insulates you from electricity.
 B - a +0 pair of boots (worn)
Jewellery
 h - a +6 ring of strength (left hand)
 s - a +6 ring of dexterity (right hand)
 v - an amulet of faith
 H - a ring of protection from cold
Wands
 q - a wand of mindburst (10) (quivered)
 y - a wand of roots (17)
 G - a wand of digging (6)
Scrolls
 j - a scroll of brand weapon
 C - a scroll of magic mapping
 E - 2 scrolls of enchant weapon
Potions
 b - 2 potions of ambrosia {unknown}
 d - 4 potions of might
 e - 4 potions of curing
 f - 3 potions of mutation
 g - a potion of flight {unknown}
 i - 3 potions of invisibility
 l - 2 potions of attraction {unknown}
 o - 4 potions of heal wounds
 p - 3 potions of lignification {unknown}
 t - 3 potions of degeneration {unknown}
 x - 2 potions of haste {unknown}
 z - a potion of brilliance {unknown}
 F - a potion of berserk rage {unknown}
 J - 2 potions of experience {unknown}


   Skills:
 + Level 7.5(12.5) Fighting
 * Level 17.6(22.6) Axes
 - Level 3.6(8.6) Armour
 - Level 3.6(8.6) Shields
 - Level 8.0 Invocations


You had 10 spell levels left.
You didn't know any spells.
Your spell library contained the following spells:

 Spells                   Type           Power      Damage    Failure   Level
 Magic Dart               Conj           0%         1d3       75%         1
 Blink                    Tloc           0%         N/A       86%         2
 Lesser Beckoning         Tloc           0%         N/A       86%         2
 Momentum Strike          Conj/Tloc      0%         3d8       86%         2
 Sublimation of Blood     Necr           0%         N/A       86%         2
 Mephitic Cloud           Conj/Pois/Air  0%         N/A       98%         3
 Petrify                  Tmut/Erth      0%         N/A       100%        4
 Borgnjor's Vile Clutch   Necr/Erth      0%         N/A       100%        5
 Irradiate                Conj/Tmut      0%         3d11      100%        5
 Call Imp                 Summ           Unusable   N/A       N/A         2
 Animate Dead             Necr           Unusable   N/A       N/A         4
 Death Channel            Necr           Unusable   N/A       N/A         6

Dungeon Overview and Level Annotations

Branches:
Dungeon (11/15)            Temple (1/1) D:4            Lair (0/5) D:10
  Sewer (visited)
    Orc: D:9-12

Altars:
Ashenzari
Cheibriados
Dithmenos
Elyvilon
Fedhas
Gozag
Hepliaklqana
Kikubaaqudgha
Makhleb
Nemelex Xobeh
Okawaru
Qazlal
Ru
Sif Muna
Trog
Uskayaw
Vehumet
Wu Jian
Xom
Yredelemnul
Zin
The Shining One

Shops:
D:5 [   D:10 *([

Annotations:
D:7 exclusion: oklob plant


Innate Abilities, Weirdness & Mutations

You have a pair of horns on your head.
You reflexively headbutt those who attack you in melee.


Message History

The deep elf pyromancer casts a spell at you.
The sticky flame hits you but does no damage.
You are covered in liquid flames!
The deep elf pyromancer hits you but does no damage.
You hit the deep elf pyromancer.
The deep elf pyromancer is almost dead.
You completely miss the deep elf pyromancer.
You are covered in liquid flames!
The deep elf pyromancer misses you.
The deep elf pyromancer barely misses you.
Unknown command.
Unknown command.
You gain the combat prowess of a mighty hero.
You are covered in liquid flames!
The deep elf pyromancer hits you but does no damage.
The deep elf pyromancer gestures at you while chanting.
The sticky flame hits you but does no damage.
You are covered in liquid flames!
You slash the deep elf pyromancer!
The deep elf pyromancer is almost dead.
You slash the deep elf pyromancer!
You are covered in liquid flames!
You slash the deep elf pyromancer!
You kill the deep elf pyromancer!
Okawaru is honoured by your kill. Okawaru grants you a weapon!
Something appears at your feet!
You see here a +2 executioner's axe of flaming.
You slash the deep elf pyromancer!
You are covered in liquid flames!
You are no longer on fire.
The deep elf pyromancer casts a spell at you.
The sticky flame misses you.
You hit the gargoyle.
The gargoyle is lightly damaged.
You closely miss the deep elf pyromancer.
The deep elf pyromancer points at you and mumbles some strange words.
The bolt of fire hits you!!!
Ouch! That really hurt!
You die...

## ..# ###+## ### ...:
#....# ######.# .....
#....######..)@9.#☼..^..
#....'......###eE...^<^.
#....######## #○##...^..
#....# #.# ...... #..>.#
#.# :.... ###'## #.#
#...# #..# #.# #.##
###.## #.# .' #...# #.


You could see a deep elf pyromancer, a fire elemental (summoned) and a gargoyle.

Vanquished Creatures
  2 two-headed ogres
  Lodul (D:10)
  2 deep elf pyromancers (D:12)
  An unseen horror (D:9)
  Sigmund (D:5)
  2 vampires (D:10)
  2 yaks (D:10)
  A wyvern (D:10)
  3 steam dragons
  Menkaure (D:4)
  3 vampire mosquitoes (D:10)
  An acid dragon (D:8)
  3 water moccasins
  Duvessa (D:4)
  2 ice beasts (D:7)
  5 orc warriors
  2 sky beasts (D:6)
  3 black bears
  Pargi (D:3)
  9 ogres
  4 centaurs
  3 kobold brigands
  2 scorpions
  6 bullfrogs
  18 wights
  Dowan (D:4)
  2 howler monkeys
  7 orc priests
  2 jellies
  Crazy Yiuf (D:7)
  3 hounds
  4 iguanas
  A sleepcap (D:6)
  Jessica (D:3)
  Natasha (D:4)
  8 orc wizards
  Robin (D:4)
  7 gnolls
  2 river rats
  6 adders
  A shadow imp (D:8)
  A white imp (D:6)
  12 worms
  5 dart slugs
  35 orcs
  7 endoplasms
  A giant cockroach (D:1)
  7 goblins
  6 hobgoblins
  2 jackals (D:3)
  6 quokkas
  9 ball pythons
  8 bats
  2 frilled lizards (D:1)
  19 kobolds
  11 rats
258 creatures vanquished.

Notes
Turn   | Place    | Note
-------+----------+-------------------------------------------
     0 | D:1      | bmack86 the Minotaur Fighter began the quest for the Orb.
     0 | D:1      | Reached XP level 1. HP: 19/19 MP: 0/0
    42 | D:1      | Reached skill level 3 in Axes
    45 | D:1      | Reached XP level 2. HP: 23/26 MP: 1/1
   126 | D:1      | Found a faded altar of an unknown god.
   164 | D:1      | Reached skill level 4 in Axes
   458 | D:1      | Reached XP level 3. HP: 31/31 MP: 2/2
   617 | D:2      | Reached skill level 5 in Axes
  1217 | D:2      | Reached XP level 4. HP: 39/39 MP: 3/3
  1527 | D:3      | Found a glowing drain.
  1536 | D:3      | Reached skill level 6 in Axes
  1547 | Sewer    | Entered a sewer
  1645 | Sewer    | Reached XP level 5. HP: 45/45 MP: 4/4
  2195 | Sewer    | Reached skill level 7 in Axes
  2219 | Sewer    | Reached XP level 6. HP: 51/51 MP: 5/5
  2257 | D:3      | Found an iron altar of Okawaru.
  2272 | D:3      | Noticed Jessica
  2277 | D:3      | Killed Jessica
  2296 | D:3      | Became a worshipper of Warmaster Okawaru
  2502 | D:3      | Reached skill level 8 in Axes
  2596 | D:3      | Noticed Pargi
  2599 | D:3      | Killed Pargi
  2600 | D:3      | Reached skill level 1 in Invocations
  2842 | D:4      | Noticed Menkaure
  2848 | D:4      | Noticed Natasha
  2850 | D:4      | Killed Menkaure
  2850 | D:4      | Reached * piety under Okawaru
  2851 | D:4      | Reached XP level 7. HP: 14/57 MP: 7/7
  2856 | D:4      | Killed Natasha
  3009 | D:4      | Found a staircase to the Ecumenical Temple.
  3023 | Temple   | Entered the Ecumenical Temple
  3215 | D:4      | Noticed Duvessa
  3215 | D:4      | Noticed Dowan
  3225 | D:4      | Killed Duvessa
  3226 | D:4      | Reached skill level 9 in Axes
  3228 | D:4      | Killed Dowan
  3418 | D:4      | Noticed Robin
  3431 | D:4      | Killed Robin
  3545 | D:4      | Found a radiant altar of Vehumet.
  3547 | D:4      | Found an ancient bone altar of Kikubaaqudgha.
  3577 | D:4      | Reached skill level 10 in Axes
  3777 | D:4      | Identified the +5 scale mail of a ziggurat {rElec}
  3964 | D:5      | Entered Level 5 of the Dungeon
  4032 | D:5      | Noticed Sigmund
  4057 | D:5      | Killed Sigmund
  4058 | D:5      | Reached XP level 8. HP: 50/64 MP: 9/9
  4195 | D:5      | Found Dil Xapi's Armour Shop.
  4227 | D:5      | Bought a +0 pair of boots for 67 gold pieces
  4412 | D:5      | Found a shadowy altar of Dithmenos.
  4856 | D:5      | Reached skill level 11 in Axes
  4893 | D:5      | Identified the +0 leather armour of Yntion {Str+2}
  5186 | D:6      | Reached ** piety under Okawaru
  5198 | D:6      | Reached skill level 5 in Invocations
  5212 | D:6      | Reached skill level 12 in Axes
  5213 | D:6      | Reached XP level 9. HP: 19/70 MP: 9/12
  5493 | D:6      | Found a shimmering altar of Xom.
  5494 | D:6      | Found a hazy altar of Hepliaklqana.
  5495 | D:6      | Noticed a spectral ugly thing
  5861 | D:7      | Found a blossoming altar of Fedhas.
  5880 | D:7      | Noticed an oklob plant
  5971 | D:7      | Reached skill level 13 in Axes
  6043 | D:7      | Reached *** piety under Okawaru
  6046 | D:7      | Noticed a two-headed ogre
  6055 | D:7      | Killed a two-headed ogre
  6056 | D:7      | Reached skill level 14 in Axes
  6277 | D:7      | Found a runed translucent door.
  6278 | D:7      | Noticed Crazy Yiuf
  6282 | D:7      | Killed Crazy Yiuf
  6331 | D:7      | Found a basalt altar of Yredelemnul.
  6536 | D:8      | Reached XP level 10. HP: 64/77 MP: 14/14
  6574 | D:8      | Reached **** piety under Okawaru
  6593 | D:8      | Reached skill level 15 in Axes
  7789 | D:9      | Noticed a two-headed ogre
  7798 | D:9      | Killed a two-headed ogre
  7799 | D:9      | Reached skill level 16 in Axes
  7859 | D:9      | Found a hide-covered altar of Uskayaw.
  7870 | D:9      | Reached skill level 5 in Fighting
  8549 | D:10     | Entered Level 10 of the Dungeon
  9060 | D:10     | Noticed Lodul
  9074 | D:10     | Killed Lodul
  9090 | D:10     | HP: 4/83 [something (3)]
  9092 | D:10     | Reached XP level 11. HP: 5/89 MP: 16/16
  9391 | D:10     | Found a staircase to the Lair.
  9414 | D:10     | Reached skill level 17 in Axes
  9419 | D:10     | Reached ***** piety under Okawaru
  9503 | D:10     | Found Ojaged's General Store.
  9523 | D:10     | Bought a potion of heal wounds for 50 gold pieces
  9781 | D:10     | Found Ykka's Antique Weapon Emporium.
  9820 | D:10     | Found Kuicw's Armour Emporium.
 10114 | D:11     | You fall into a shaft and drop 1 floor!
 10148 | D:12     | Noticed a deep elf pyromancer
 10149 | D:12     | Noticed a deep elf pyromancer
 10155 | D:12     | Noticed a deep elf pyromancer
 10166 | D:12     | Killed a deep elf pyromancer
 10173 | D:12     | Killed a deep elf pyromancer
 10173 | D:12     | Received a gift from Okawaru
 10174 | D:12     | Killed from afar by a deep elf pyromancer

Illustrated notes

Levels and vault maps discovered:
D:1:      minmay_arrival_diagonal_passages, layout_basic,
          shapermc_ecumenical_altar_ellora, serial_curves, eino_curves_04,
          eino_curves_02, nicolae_grassy_gnolls
D:2:      layout_basic, nrook_campfire, serial_bayou_pond_b, minmay_tetromino_s2
D:3:      layout_basic, mainiacjoe_overflow_brackets,
          cheibrodos_sewer_entry_sluice, minmay_diced_spiral, uniq_pargi,
          uniq_jessica
D:4:      layout_basic, chequers_temple_overflow_statue_of_worship,
          minmay_temple_entry_junction, minivault_25, uniq_menkaure, uniq_robin,
          uniq_natasha, uniq_duvessa
D:5:      layout_layer_cave, nicolae_dithmenos_shadow_blocks, serial_shops,
          shop, uniq_sigmund
D:6:      layout_cave_pools, regret_index_temple_of_mockery, serial_glass,
          glass_columns_a, glass_columns_a, glass_columns_a, glass_columns_a,
          glass_columns_c, glass_columns_a, glass_columns_a, glass_columns_b
D:7:      layout_gridville, general_overflow_altar, tgw_fedhas,
          uniq_crazy_yiuf_cottage
D:8:      layout_rooms, special_room [special_room_orc], serial_bayou_pond_c
D:9:      layout_long_grid, eat_drink_and_be_merry_uskayaw
D:10:     layout_basic, due_lair_maze_entry_diamond, serial_shops,
          nicolae_shop_competitors_out_of_business,
          nicolae_shop_back_alley_shop, nicolae_shop_crystal, uniq_lodul
D:11:     cheibrodos_barr_body, layout_cave_pools, serial_shops,
          nicolae_shop_peninsula, kennysheep_donut, grunt_ministairs_9,
          nicolae_wu_jian_immortal_techniques, uniq_nergalle
D:12:     layout_roguey, serial_shops, shop_fountains,
          bh_hangedman_babel_library
Temple:   hellmonk_temple_forest_ring

Skill      XL: |  1  2  3  4  5  6  7  8  9 10 11 |
---------------+----------------------------------+-----
Axes           | 3 4 5 6 7 8 10 12 14 16 17 | 17.6
Invocations    | 2 3 5 7 8 |  8.0
Fighting       | 6 7 |  7.5
Armour         | |  3.6
Shields        | |  3.6

Action                     |  1- 3 |  4- 6 |  7- 9 | 10-12 || total
---------------------------+-------+-------+-------+-------++-------
  Melee: War axe           |    58 |   156 |   197 |   238 ||   649
         Headbutt          |     7 |    25 |    28 |    45 ||   105
 Invoke: Heroism           |       |       |     2 |     4 ||     6
  Evoke: Wand              |       |     3 |     9 |       ||    12
    Use: Scroll            |       |     4 |     5 |     5 ||    14
 Armour: Scale mail        |    24 |       |    66 |   177 ||   267
         Chain mail        |     1 |    76 |    30 |       ||   107
  Dodge: Dodged            |    22 |    49 |    78 |    93 ||   242
  Block: Buckler           |    22 |    31 |    28 |    51 ||   132
